 Dungeon Crawl Stone Soup version 0.30.0-5-g1a98f26d00 (webtiles) character file.

Game seed: 8848151964579021412

39 sircluck the Chopper (level 3, 0/33 HPs)
             Began as a Hill Orc Fighter on May 8, 2023.
             Slain by Sigmund
             ... wielding a +1 scythe of freezing
              (4 damage)
             ... on level 2 of the Dungeon.
             The game lasted 00:02:21 (1164 turns).

sircluck the Chopper (Hill Orc Fighter)             Turns: 1164, Time: 00:02:21

Health: 0/33       AC: 10    Str: 20    XL:     3   Next: 47%
Magic:  3/3        EV:  7    Int:  8    God:
Gold:   82         SH:  4    Dex: 10    Spells: 2/2 levels left

rFire   . . .        a - +0 war axe
rCold   . . .        c - +0 buckler
rNeg    . . .        q - +0 chain mail
rPois   .            (no helmet)
rElec   .            j - scarf {repulsion}
rCorr   .            (no gloves)
SInv    .            k - +0 pair of boots
Will    .....        (no amulet) Stlth
                     (no ring)
HPRegen 0.25/turn    (no ring)
MPRegen 0.08/turn

%: repel missiles
@: no status effects
A: no striking features
a: no special abilities


You were on level 2 of the Dungeon.
You visited 1 branch of the dungeon, and saw 2 of its levels.

You collected 82 gold pieces.

Inventory:

Hand Weapons
 a - a +0 war axe (weapon)
Missiles
 p - 2 poisoned darts (quivered)
Armour
 b - a +0 scale mail
 c - a +0 buckler (worn)
 j - a scarf of repulsion (worn)
 k - a +0 pair of boots (worn)
 q - a +0 chain mail (worn)
Scrolls
 f - 2 scrolls of identify {unknown}
 h - 2 scrolls of teleportation {unknown}
 i - 2 scrolls of enchant armour {unknown}
 l - a scroll of immolation {unknown}
 m - a scroll of amnesia {unknown}
 o - a scroll of enchant weapon {unknown}
Potions
 d - a potion of might
 e - a potion of ambrosia {unknown}
 g - a potion of attraction {unknown}
 n - 3 potions of heal wounds {unknown}


   Skills:
 + Level 3.9 Fighting
 + Level 4.0 Axes
 + Level 3.4 Armour
 + Level 0.2 Dodging
 + Level 3.7 Shields


You had 2 spell levels left.
You didn't know any spells.
Your spell library contained the following spells:

 Spells                   Type           Power      Damage    Failure   Level
 Dazzling Flash           Conj/Hex       0%         N/A       100%        3
 Inner Flame              Hex/Fire       0%         N/A       100%        3
 Agony                    Necr           0%         N/A       100%        5
 Silence                  Hex/Air        0%         N/A       100%        5
 Yara's Violent Unravell  Hex/Tmut       0%         3d3       100%        5
 Enfeeble                 Hex            0%         N/A       100%        7


Dungeon Overview and Level Annotations

Branches:
Dungeon (2/15)

Altars:

Annotations:
D:2 Sigmund


Message History

Sigmund shouts!
The hobgoblin shouts!
There are monsters nearby!
There are monsters nearby!
You hit the hobgoblin.
You kill the hobgoblin!
Sigmund casts a spell.
Sigmund flickers and vanishes!
Deactivating autopickup; reactivate with Ctrl-A.
There is a strange disturbance nearby!
There is a strange disturbance nearby!
No target in view!
No target in view!
No target in view!
A magic dart appears from out of thin air!
Keep equipping yourself?
The magic dart hits you!
You start putting on your armour.
You continue putting on your +0 chain mail. x2
A puff of flame appears from out of thin air!
The puff of flame is repelled.
You continue putting on your +0 chain mail. x2
Something hits you. Something freezes you.
You finish putting on your +0 chain mail.
Unknown command.
You miss something. You block something's attack.
You miss something. Something completely misses you.
You barely miss something. Something hits you. Something freezes you.
You slash something! Something hits you but does no damage.
You hit something.
You hear some strange, mumbled words.
A puff of flame appears from out of thin air!
The puff of flame hits you.
You miss something.
You hear some strange, mumbled words.
A puff of flame appears from out of thin air!
The puff of flame hits you.
You barely miss something. Something hits you!
* * * LOW HITPOINT WARNING * * *
Something freezes you.
You die...

##### #...# ##
#.#.###########.
#.#.............
.#.#.####.############..
#.....{@....## $........
###
###.#..............####....
#.. ...
..[.....................
##.##.#
##....#####(#######.....
.#.#.# #...# .# #.....
#...# #... .# ##..... #<#
.... .######...... #.# ....
#......###. #.# #.###..# #.


There were no monsters in sight!

Vanquished Creatures
  A worm (D:2)
  A dart slug (D:1)
  6 endoplasms
  2 giant cockroaches (D:1)
  A hobgoblin (D:2)
  4 jackals (D:1)
  3 kobolds
  2 quokkas (D:1)
  2 ball pythons (D:1)
  3 bats
  3 frilled lizards (D:1)
  4 rats
32 creatures vanquished.

Notes
Turn   | Place    | Note
-------+----------+-------------------------------------------
     0 | D:1      | sircluck the Hill Orc Fighter began the quest for the Orb.
     0 | D:1      | Reached XP level 1. HP: 19/19 MP: 1/1
   146 | D:1      | Reached skill level 3 in Axes
   152 | D:1      | Reached XP level 2. HP: 20/27 MP: 2/2
   527 | D:1      | Reached XP level 3. HP: 27/33 MP: 3/3
  1095 | D:2      | Reached skill level 4 in Axes
  1149 | D:2      | Noticed Sigmund
  1164 | D:2      | Slain by Sigmund

Illustrated notes

Levels and vault maps discovered:
D:1:      dpeg_arrival_round_c, layout_rooms, serial_forest,
          infiniplex_forest_zigzag_1, infiniplex_forest_straight_2,
          infiniplex_forest_lined_room_, infiniplex_forest_clump_medium,
          infiniplex_forest_end_3, infiniplex_forest_straight_1,
          minmay_pentomino_p4
D:2:      layout_loops_ring, basic_altar, hex_tiny, uniq_sigmund, uniq_jessica

Skill      XL: |  1  2  3 |
---------------+----------+-----
Axes           | 3 4 |  4.0
Fighting       | |  3.9
Armour         | |  3.4
Dodging        | |  0.2
Shields        | |  3.7

Action                     || total
---------------------------++-------
  Melee: War axe           ||   207
  Throw: Dart              ||     2
 Armour: Scale mail        ||    64
         Chain mail        ||     1
  Dodge: Dodged            ||    47
         Repelled          ||     2
  Block: Buckler           ||    16
